 Dungeon Crawl Stone Soup version 0.16-a0-129-gbf5829b (webtiles) character file.

203 Sachiko the Slasher (level 5, -1/33 HPs)
             Began as a Tengu Berserker on Aug 13, 2014.
             Was a Priest of Trog.
             Slain by an adder (4 damage)
             ... in a sewer.
             The game lasted 00:09:17 (2061 turns).

Sachiko the Slasher (Tengu Berserker)               Turns: 2061, Time: 00:09:18

HP  -1/33        AC  4     Str 18      XL: 5   Next: 81%
MP   6/6         EV 15     Int  8      God: Trog [***...]
Gold 108         SH  0     Dex 13      Spells:  0 memorised,  4 levels left

rFire  . . .     SeeInvis .     a - +1 falchion
rCold  . . .     Clarity  .     b - +0 animal skin
rNeg   . . .     rCorr    .     (no shield)
rPois  .         rRot     .     (helmet restricted)
rElec  .         Spirit   .     e - +0 cloak
SustAb .         Warding  .     j - +0 pair of gloves
rMut   .         Stasis   .     (boots unavailable)
Gourm  .                        g - amulet of faith
MR     .....                    (no ring)
                                (no ring)

@: lethally poisoned, exhausted, not resistant to hostile enchantments,
unstealthy
A: able to fly, beak, talons 3, repulsion field 1, low mp 1, spit poison 1
a: Spit Poison, Fly, Burn Spellbooks, Berserk, Trog's Hand, Renounce Religion


You were in a sewer.
You worshipped Trog.
Trog was most pleased with you.
You were not hungry.

You visited 1 branch of the dungeon, and saw 3 of its levels.
You also visited: Sewer.

You collected 108 gold pieces.

Inventory:

Hand weapons
 a - a +1 falchion (weapon)
Armour
 b - a +0 animal skin (worn)
 e - a +0 cloak (worn)
 j - a +0 pair of gloves (worn)
Comestibles
 c - 3 bread rations
 h - 4 fruits
 k - a rotting chunk of adder flesh
 n - a meat ration
Scrolls
 f - 5 scrolls of identify
 i - a scroll of random uselessness {unknown}
Jewellery
 g - an amulet of faith (around neck)
 l - an uncursed ring of invisibility {unknown}
Potions
 d - a potion of heal wounds


   Skills:
 + Level 4.1 Fighting
 + Level 4.4 Long Blades
 + Level 2.6 Armour
 + Level 4.0 Dodging
 + Level 1.3 Stealth


You had 4 spell levels left.
You didn't know any spells.

Dungeon Overview and Level Annotations

Branches:
Dungeon (3/15)

Altars:
Nemelex Xobeh


Innate Abilities, Weirdness & Mutations

You can fly.
You have a beak for a mouth.
You have claws for feet.
You are surrounded by a mild repulsion field (EV +2).
Your magical capacity is low (-10% MP).
You can spit poison.


Message History

The adder bites you but does no damage.
A giant cockroach comes into view.
The adder bites you.
* * * LOW HITPOINT WARNING * * *
The adder bites you.
* * * LOW HITPOINT WARNING * * *
The adder misses you. x2
The giant cockroach waves its antennae.
You feel yourself speed up. The adder bites you.
* * * LOW HITPOINT WARNING * * *
You are lethally poisoned!
The adder poisons you! The adder bites you but does no damage.
The giant cockroach misses you. The adder completely misses you.
* * * LOW HITPOINT WARNING * * *
You feel sick. The adder misses you. The adder completely misses you.
The giant cockroach bites you but does no damage.
* * * LOW HITPOINT WARNING * * *
You feel sick. The adder bites you.
You die...

######
###≈≈≈≈≈≈
##≈≈.≈≈≈≈≈
#####≈.≈≈≈≈.≈≈≈
##∩##≈≈≈≈≈#
#.≈#≈≈≈≈###
##..#≈s.##
#..##≈≈##
#∩.#@S≈#
#%.#≈≈##
##.##..#
#.≈#≈≈≈#
#≈≈#≈### #.≈#≈#
#.≈#≈# #≈≈#≈#
#≈≈#≈##


You could see an adder and a giant cockroach.

Vanquished Creatures
  2 orc wizards (D:3)
  Ijyb (D:3)
  4 adders
  A giant mite (Sewer)
  3 worms (D:2)
  2 oozes (Sewer)
  5 giant geckos (Sewer)
  3 orcs (D:3)
  3 ball pythons
  8 bats
  4 giant cockroaches
  4 hobgoblins
  6 giant newts
  4 goblins
  10 kobolds
  4 rats
64 creatures vanquished.

Notes
Turn   | Place    | Note
--------------------------------------------------------------
     0 | D:1      | Sachiko, the Tengu Berserker, began the quest for the Orb.
     0 | D:1      | Reached XP level 1. HP: 14/14 MP: 1/1
   101 | D:1      | Reached XP level 2. HP: 14/19 MP: 3/3
   529 | D:1      | Acquired Trog's second power
   911 | D:2      | Reached XP level 3. HP: 21/23 MP: 4/4
  1316 | D:2      | Reached XP level 4. HP: 13/28 MP: 5/5
  1317 | D:2      | Gained mutation: You can spit poison. [potion of mutation]
  1317 | D:2      | Gained mutation: Your magical capacity is low (-10% MP). [potion of mutation]
  1317 | D:2      | Gained mutation: You are surrounded by a mild repulsion field (EV +2). [potion of mutation]
  1457 | D:3      | Reached skill level 4 in Long Blades
  1471 | D:3      | Reached XP level 5. HP: 25/33 MP: 6/6
  1580 | D:3      | Found a sparkling altar of Nemelex Xobeh.
  1595 | D:3      | Noticed Ijyb
  1610 | D:3      | Killed Ijyb
  1610 | D:3      | Reached skill level 1 in Stealth
  1916 | D:3      | Found a glowing drain.
  1923 | Sewer    | Entered a sewer
  2061 | Sewer    | Slain by an adder

Action                   |  1- 3 |  4- 6 || total
-------------------------+-------+-------++-------
Melee: Falchion          |    73 |    99 ||   172
Invok: Berserk           |     2 |     3 ||     5
       Burn Spellbooks   |       |     1 ||     1
  Use: Scroll            |     4 |       ||     4
       Potion            |       |     2 ||     2
 Stab: Sleeping          |     1 |     1 ||     2
  Eat: Chunk             |     1 |     6 ||     7
       Pizza             |     1 |       ||     1
